 Dungeon Crawl Stone Soup version 0.22.1-2-g9c5b331383 (webtiles) character file.

1255 Asdor the Slasher (level 8, -49/62 HPs)
             Began as a Demonspawn Chaos Knight on Dec 20, 2018.
             Killed from afar by an ogre (51 damage)
             ... with an exploding inner flame
             ... hexed by the player character
             ... on level 6 of the Dungeon.
             The game lasted 00:41:59 (3627 turns).

Asdor the Slasher (Demonspawn Chaos Knight)         Turns: 3627, Time: 00:42:00

Health: -49/62     AC:  5    Str: 14    XL:     8   Next: 26%
Magic:  8/8        EV: 14    Int: 13    God:    Xom [..*...]
Gold:   120        SH:  0    Dex: 14    Spells: 7/7 levels left

rFire    . . .     SeeInvis .   a - +1 falchion (chaos)
rCold    + . .     Gourm    .   (no shield)
rNeg     . . .     Faith    +   b - +2 leather armour
rPois    .         Spirit   .   (no helmet)
rElec    .         Reflect  .   (no cloak)
rCorr    .         Harm     .   (no gloves)
MR       +....                  (no boots)
Stlth    ++........             i - amulet of faith
HPRegen  0.20/turn              h - ring of protection from cold
MPRegen  0.11/turn              j - ring of protection from magic

@: no status effects
A: claws 2, demonic guardian 1, dopey 1, spiny 2, strong 1
a: Renounce Religion


You were on level 6 of the Dungeon.
You worshipped Xom.
You were a toy of Xom.
You were hungry.

You visited 1 branch of the dungeon, and saw 6 of its levels.

You collected 244 gold pieces.
You spent 124 gold pieces at shops.

Inventory:

Hand Weapons
 a - a +1 falchion of chaos (weapon)
 k - a +0 whip of electrocution
 q - a +4 dagger
Armour
 b - a +2 leather armour (worn)
 e - a +0 plate armour
 o - a +0 leather armour
 v - a +0 robe
Jewellery
 h - a ring of protection from cold (left claw)
 i - an amulet of faith (around neck)
 j - a ring of protection from magic (right claw)
 t - an uncursed ring of flight
Wands
 d - a wand of digging (16)
 s - a wand of acid (8)
Scrolls
 n - a scroll of identify
 p - 2 scrolls of remove curse
Potions
 l - a potion of flight
 u - a potion of ambrosia
Comestibles
 c - 6 rations


   Skills:
 + Level 5.0 Fighting
 + Level 5.8 Long Blades
 + Level 3.4 Armour
 * Level 4.4 Dodging
 + Level 3.7 Stealth


You had 7 spell levels left.
You didn't know any spells.
Your spell library was empty.

Dungeon Overview and Level Annotations

Branches:
Dungeon (6/15)
 Temple: D:4-7

Altars:
Fedhas
Makhleb

Shops:
D:4 (%!?

Annotations:
D:3 2 transporters, Schimscham's ghost, amateur VSFi


Innate Abilities, Weirdness & Mutations

You have very sharp fingernails.
A weak demonic guardian rushes to your aid.
You are mostly covered in sharp spines.
You are dopey. (Int -2)
Your muscles are strong. (Str +2)


Message History

The ogre hits your quasit with a giant club!!
Your quasit dies!
As you read the scroll labeled LYZITOOSHRE, it crumbles to dust.
The creatures around you are filled with an inner flame!
It was a scroll of immolation.
The giant cockroach is struck by your spines.
The giant cockroach misses you.
You riposte.
You hit the giant cockroach but do no damage.
The giant cockroach is heavily wounded.
Okay, then.
The giant cockroach is struck by your spines.
The giant cockroach explodes!
The fiery explosion engulfs you!
* * * LOW HITPOINT WARNING * * *
The fiery explosion engulfs the ogre.
The ogre explodes!
The fiery explosion engulfs you!
Ouch! That really hurt!
You die...
Xom roars with laughter!

..#####..
#..#.....
#........##
##.#.......##
##.
............# ..
##..........# ..
#...........# .h
.
#..O..§§§.##....
.
#.....@§§.......
# ..
##....§§§###...
# ## ..
##.....§§§.# . #
.##.
.........†..#
###...
).....>.....#
5......
.##.............
5...#..
#..........#...
...##
##........## ##
..<# #......#.#


You could see an ogre (inner flame).

Vanquished Creatures
  Eustachio (D:5)
  A slave (D:5)
  A phantom (D:4)
  2 howler monkeys (D:6)
  2 crimson imps
  A hound (D:4)
  3 orc wizards (D:5)
  2 centaur skeletons
  A worker ant (D:4)
  A howler monkey zombie (D:5)
  3 gnolls (D:4)
  8 adders
  An adder zombie (D:5)
  An adder skeleton (D:5)
  A worm (D:2)
  A leopard gecko (D:4)
  10 orcs
  6 bats
  4 giant cockroaches
  4 goblins
  6 hobgoblins
  A jackal (D:4)
  12 kobolds
  3 quokkas
  A ball python (D:2)
  7 frilled lizards
  2 jackal skeletons (D:4)
  5 rats
91 creatures vanquished.

Vanquished Creatures (collateral kills)
  Pikel (D:5)
  Grinder (D:4)
  A howler monkey (D:4)
  Ijyb (D:4)
  A jackal (D:4)
  A quokka (D:6)
6 creatures vanquished.

Vanquished Creatures (others)
  A slave (D:5)
  A worker ant (D:5)
  A giant cockroach (D:2)
3 creatures vanquished.

Grand Total: 100 creatures vanquished

Notes
Turn   | Place    | Note
-------+----------+-------------------------------------------
     0 | D:1      | Asdor the Demonspawn Chaos Knight began the quest for the
                  | Orb.
     0 | D:1      | Reached XP level 1. HP: 18/18 MP: 1/1
   107 | D:1      | Gained mutation: You are partially covered in sharp spines.
                  | [demonic ancestry]
   107 | D:1      | Reached XP level 2. HP: 15/24 MP: 2/2
   430 | D:1      | XOM: harmless Hex miscast
   488 | D:2      | XOM: harmless Summ miscast
   666 | D:2      | Reached XP level 3. HP: 29/29 MP: 3/3
   667 | D:2      | Found a faded altar of an unknown god.
   750 | D:2      | Reached skill level 1 in Dodging
  1057 | D:2      | XOM: give mutation
  1057 | D:2      | Gained mutation: You are frail. (-10% HP) [Xom's mischief]
  1085 | D:2      | XOM: medium Tmut miscast
  1088 | D:2      | Gained mutation: You are weak. (Str -2) [mutagenic glow]
  1130 | D:2      | Found a blossoming altar of Fedhas.
  1137 | D:2      | Gained mutation: Your body sometimes deteriorates upon
                  | taking damage. [mutagenic glow]
  1362 | D:2      | XOM: mild Tmut miscast
  1574 | D:3      | Gained mutation: A weak demonic guardian rushes to your
                  | aid. [demonic ancestry]
  1574 | D:3      | Reached XP level 4. HP: 22/33 MP: 4/4
  1745 | D:3      | Found a transporter.
  1749 | D:3      | Noticed Schimscham's ghost (amateur VSFi)
  1750 | D:3      | Found a transporter.
  1750 | D:3      | Noticed an ogre
  1751 | D:3      | Noticed an ogre
  1779 | D:3      | XOM: harmless Fire miscast
  1977 | D:3      | XOM: 2-stop teleportation journey
  1992 | D:3      | XOM: harmless Tmut miscast
  2038 | D:4      | Found a burning altar of Makhleb.
  2038 | D:4      | Noticed a cacodemon
  2066 | D:4      | Noticed Ijyb
  2073 | D:4      | Noticed a phantom
  2074 | D:4      | Killed Ijyb
  2077 | D:4      | XOM: 1-stop teleportation journey
  2098 | D:4      | Found Qeimead's Distillery.
  2101 | D:4      | Bought a potion of mutation for 96 gold pieces
  2101 | D:4      | Lost mutation: Your body sometimes deteriorates upon taking
                  | damage. [potion of mutation]
  2101 | D:4      | Lost mutation: You are frail. (-10% HP) [potion of
                  | mutation]
  2101 | D:4      | Gained mutation: Your flesh is cold resistant. (rC+)
                  | [potion of mutation]
  2122 | D:4      | Gained mutation: You have sharp fingernails. [demonic
                  | ancestry]
  2122 | D:4      | Reached XP level 5. HP: 35/42 MP: 5/5
  2126 | D:4      | Noticed Grinder
  2133 | D:4      | XOM: summons friendly iron imp
  2139 | D:4      | Killed Grinder
  2139 | D:4      | Reached skill level 1 in Stealth
  2139 | D:4      | Gained mutation: You are mostly covered in sharp spines.
                  | [demonic ancestry]
  2139 | D:4      | Reached XP level 6. HP: 48/48 MP: 6/6
  2164 | D:4      | Found Hoach's Magic Scroll Emporium.
  2171 | D:4      | Bought a scroll of identify for 28 gold pieces
  2245 | D:4      | XOM: noise
  2306 | D:4      | Found Akhiniz's Weapon Boutique.
  2413 | D:4      | XOM: silly message
  2665 | D:4      | Found Caysev's Food Emporium.
  2780 | D:5      | Entered Level 5 of the Dungeon
  2780 | D:5      | Noticed Eustachio
  2791 | D:5      | XOM: enchant monster (good)
  2795 | D:5      | XOM: divination: magic mapping
  2803 | D:5      | Killed Eustachio
  2803 | D:5      | Reached XP level 7. HP: 55/55 MP: 7/7
  2852 | D:5      | Reached skill level 5 in Long Blades
  2963 | D:5      | XOM: silly message
  3190 | D:5      | XOM: harmless Chrm miscast
  3355 | D:5      | XOM: smoke on damage
  3404 | D:5      | Noticed Pikel
  3416 | D:5      | Killed Pikel
  3416 | D:5      | Gained mutation: You have very sharp fingernails. [demonic
                  | ancestry]
  3416 | D:5      | Reached XP level 8. HP: 41/61 MP: 8/8
  3517 | D:5      | Lost mutation: You are weak. (Str -2) [potion of mutation]
  3517 | D:5      | Lost mutation: Your flesh is cold resistant. (rC+) [potion
                  | of mutation]
  3517 | D:5      | Gained mutation: You are dopey. (Int -2) [potion of
                  | mutation]
  3517 | D:5      | Gained mutation: Your muscles are strong. (Str +2) [potion
                  | of mutation]
  3587 | D:6      | XOM: harmless Erth miscast
  3590 | D:6      | XOM: confuse monster(s)
  3621 | D:6      | Reached skill level 5 in Fighting
  3621 | D:6      | XOM: harmless Tloc miscast
  3627 | D:6      | HP: 2/62 [giant cockroach/exploding inner flame[the player
                  | character] (24)]
  3627 | D:6      | Killed from afar by an ogre

Skill      XL: |  1  2  3  4  5  6  7  8 |
---------------+-------------------------+-----
Armour         | 2 3 |  3.4
Long Blades    | 3 4 5 |  5.8
Dodging        | 1 2 3 4 |  4.4
Fighting       | 4 5 |  5.0
Stealth        | 1 2 3 |  3.7

Action                   |  1- 3 |  4- 6 |  7- 9 || total
-------------------------+-------+-------+-------++-------
Melee: Falchion          |    86 |    69 |    73 ||   228
  Use: Potion            |       |    11 |     1 ||    12
       Scroll            |       |     3 |     7 ||    10
 Stab: Sleeping          |     1 |     2 |     2 ||     5
       Paralysed         |     1 |       |     3 ||     4
       Distracted        |       |     3 |       ||     3
  Eat: Ration            |     1 |     1 |       ||     2
       Chunk             |     1 |       |       ||     1
Armor: Leather armour    |    26 |    27 |    11 ||    64
Dodge: Dodged            |    63 |    63 |    36 ||   162
       Rpst.: Falchion   |    16 |    12 |    12 ||    40
